 Dungeon Crawl Stone Soup version 0.19-a0-1861-g35def1e (webtiles) character file.

684 Alarkh the Caller (level 7, -8/46 HPs)
             Began as a Mummy Summoner on Oct 12, 2016.
             Mangled by Crazy Yiuf
             ... wielding a +4 quarterstaff of chaos
              (12 damage)
             ... while paralysed by Crazy Yiuf
             ... on level 5 of the Dungeon.
             The game lasted 00:08:25 (5003 turns).

Alarkh the Caller (Mummy Summoner)                  Turns: 5003, Time: 00:08:26

Health: -8/46      AC:  4    Str: 11    XL:     7   Next: 35%
Magic:  13/13      EV:  2    Int: 21    God:
Gold:   214        SH:  0    Dex: 12    Spells: 4 memorised, 6 levels left

rFire  + . .     SeeInvis .     u - +10 mace of Summertime {flame, *Contam rF+ Int+4}
rCold  . . .     Gourm    .     l - +1 robe
rNeg   + + +     Faith    .     (no shield)
rPois  ∞         Spirit   .     s - +1 hat
rElec  .         Dismiss  .     (no cloak)
rCorr  .         Reflect  .     (no gloves)
MR     .....     Harm     .     (no boots)
Stlth  ++........               (no amulet)
                                (no ring)
                                i - ring of fire

@: paralysed
A: no food or potions, fire vulnerability, cold resistance 1, negative energy
resistance 3, torment resistance, unbreathing
a: no special abilities


You were on level 5 of the Dungeon.
You were not hungry.

You visited 1 branch of the dungeon, and saw 5 of its levels.

You collected 214 gold pieces.

Inventory:

Hand Weapons
 a - the +9 falchion of the Spider {elec, rN+ MP+9 Int-5 Dex+6}
   (You found it on level 5 of the Dungeon)

   Occasionally, upon striking a foe, it will discharge some electrical energy
   and cause terrible harm.
   It affects your intelligence (-5).
   It affects your dexterity (+6).
   It protects you from negative energy.
   It affects your magic capacity (+9).
 b - the +2 spear "Spiderslayer" {speed, rF++ Stlth+}
   (You found it on level 5 of the Dungeon)

   Attacks with this weapon are significantly faster.
   It greatly protects you from fire.
   It makes you more stealthy.
 c - a +0 short sword
 m - a +0 trident
 n - the +9 short sword of Xom's Displeasure {speed, +Inv rN+}
   (You found it on level 5 of the Dungeon)

   Attacks with this weapon are significantly faster.
   It protects you from negative energy.
   It lets you turn invisible.
 u - the +10 mace of Summertime (weapon) {flame, *Contam rF+ Int+4}
   (You found it on level 5 of the Dungeon)

   It has been specially enchanted to burn those struck by it, causing extra
   injury to most foes and up to half again as much damage against particularly
   susceptible opponents.
   It affects your intelligence (+4).
   It protects you from fire.
   It causes magical contamination when unequipped.
Armour
 l - a +1 robe (worn)
 s - a +1 hat (worn)
Jewellery
 i - a ring of fire (left hand)
Wands
 k - a wand of slowing (22/48)
 p - a wand of teleportation (2/9)
Scrolls
 d - a scroll of amnesia
 e - a scroll of remove curse
 f - a scroll of fog
 g - 5 scrolls of enchant armour
 h - a scroll of recharging {unknown}
 j - a scroll of blinking {unknown}
 q - a scroll of immolation {unknown}
 t - a scroll of noise {unknown}
Books
 o - a book of Callings

   Spells                             Type                      Level
   a - Summon Small Mammal            Summoning                    1
   b - Call Imp                       Summoning                    2
   c - Call Canine Familiar           Summoning                    3
   d - Summon Guardian Golem          Hexes/Summoning              3
   e - Summon Lightning Spire         Summoning/Air                4
   f - Summon Ice Beast               Ice/Summoning                4
 r - a book of Necromancy

   Spells                             Type                      Level
   a - Pain                           Necromancy                   1
   b - Animate Skeleton               Necromancy                   1
   c - Vampiric Draining              Necromancy                   3
   d - Regeneration                   Charms/Necromancy            3
   e - Animate Dead                   Necromancy                   4
   f - Control Undead                 Necromancy                   4


   Skills:
 * Level 3.6 Polearms
 - Level 1.5 Dodging
 - Level 1.5 Stealth
 + Level 4.6 Spellcasting
 + Level 5.1 Summonings


You had 6 spell levels left.
You knew the following spells:

 Your Spells              Type           Power        Failure   Level  Hunger
a - Call Imp              Summ           ####....     1%          2    N/A
b - Summon Small Mammal   Summ           ####         1%          1    N/A
c - Call Canine Familiar  Summ           ####....     4%          3    N/A
d - Summon Guardian Gole  Hex/Summ       ###.....     14%         3    N/A

Dungeon Overview and Level Annotations

Branches:
Dungeon (5/15)
 Temple: D:4-7

Altars:

Annotations:
D:3 TotoDurand's ghost, amateur FoFi
D:4 Armakuni's ghost, amateur DgFE
D:5 Crazy Yiuf


Innate Abilities, Weirdness & Mutations

You do not eat or drink.
Your flesh is vulnerable to fire.
You are immune to poison.
Your flesh is cold resistant. (rC+)
You are immune to negative energy. (rN+++)
You are immune to unholy pain and torment.
You can survive without breathing.


Message History

Crazy Yiuf the Enlightened comes into view.
He is wielding a quarterstaff of chaos.
Found seven maces and an encrusted mace.
Crazy Yiuf shouts!
There is an open door here.
Crazy Yiuf hits you with a quarterstaff of chaos.
You see here a mace.
You closely miss Crazy Yiuf.
Crazy Yiuf hits you with a quarterstaff of chaos!
You suddenly lose the ability to move!
Crazy Yiuf hits you with a quarterstaff of chaos!
You feel much better.
Crazy Yiuf hits you with a quarterstaff of chaos!
You are electrocuted!
Crazy Yiuf hits you with a quarterstaff of chaos!
* * * LOW HITPOINT WARNING * * *
Crazy Yiuf laughs, "Ghoul leg rumpyflump!"
Crazy Yiuf hits you with a quarterstaff of chaos!
* * * LOW HITPOINT WARNING * * *
You are electrocuted!
You die...

####.##.#
#.#.##
#.##.#
#.#..#
#.##.#
#.##.##
#.#.##
#.##..#
#.#.#
#.###.##
#.#.# #####
#.# #..#
#.### #).)#
#.# ##.# #.#
#)g)# #.#
#.# #.#
#)@)#
#####.# #.#
#.# ##'##
#...#.# #.#
#.# #)##
#...#.# #.#
#.# ##)#
#...#.# #..
####.###
#)## #...#.#
##. #......#
##)# #...#.#
##. #......#
##)##
#...#.# #..
#....†.#
##P..#
#.###.####..
#......#
#PPP.# #.#
#....(<#


You could see Crazy Yiuf.

Vanquished Creatures
  Grinder (D:5)
  Edmund (D:5)
  A crimson imp (D:5)
  A centaur zombie (D:5)
  An orc wizard (D:5)
  A worker ant (D:5)
  A worker ant zombie (D:5)
  4 adders
  An ooze (D:2)
  An adder skeleton (D:4)
  2 leopard geckos
  6 orcs
  A giant cockroach (D:1)
  2 goblins (D:1)
  2 hobgoblins
  6 jackals
  2 quokkas (D:5)
  5 bats
  4 frilled lizards
  5 kobolds
  7 rats
55 creatures vanquished.

Vanquished Creatures (collateral kills)
  A sky beast (D:5)
  A bullfrog skeleton (D:4)
  6 adders
  2 dart slugs (D:2)
  A leopard gecko (D:3)
  A giant cockroach (D:3)
  A goblin (D:1)
  4 hobgoblins
  4 jackals
  2 bats (D:2)
  2 frilled lizards
  4 kobolds
  2 rats
31 creatures vanquished.

Grand Total: 86 creatures vanquished

Notes
Turn   | Place    | Note
-------+----------+-------------------------------------------
     0 | D:1      | Alarkh the Mummy Summoner began the quest for the Orb.
     0 | D:1      | Reached XP level 1. HP: 13/13 MP: 3/3
   419 | D:1      | Reached XP level 2. HP: 15/19 MP: 3/5
  1167 | D:2      | Reached XP level 3. HP: 23/24 MP: 5/7
  1171 | D:2      | Learned a level 2 spell: Call Imp
  1175 | D:2      | Learned a level 3 spell: Call Canine Familiar
  2193 | D:3      | Reached skill level 4 in Summonings
  2226 | D:3      | Reached XP level 4. HP: 30/30 MP: 5/8
  2253 | D:3      | Noticed TotoDurand's ghost (amateur FoFi)
  2861 | D:4      | Noticed Armakuni's ghost (amateur DgFE)
  3137 | D:3      | Learned a level 3 spell: Summon Guardian Golem
  3390 | D:4      | Noticed a phantom
  3603 | D:5      | Entered Level 5 of the Dungeon
  3614 | D:5      | Got a bloodstained falchion
  3615 | D:5      | Identified the +9 falchion of the Spider {elec, rN+ MP+9 Int-5 Dex+6} (You found it on level 5 of the Dungeon)
  3669 | D:5      | Noticed Grinder
  3675 | D:5      | Killed Grinder
  3675 | D:5      | Reached XP level 5. HP: 35/35 MP: 11/11
  3675 | D:5      | Reached XP level 6. HP: 41/41 MP: 12/12
  3755 | D:5      | Got a steaming short sword
  3757 | D:5      | Got an iridescent spear
  3758 | D:5      | Identified the +2 spear "Spiderslayer" {speed, rF++ Stlth+} (You found it on level 5 of the Dungeon)
  3759 | D:5      | Identified the +9 short sword of Xom's Displeasure {speed, +Inv rN+} (You found it on level 5 of the Dungeon)
  4183 | D:5      | Noticed a sky beast
  4207 | D:5      | Killed a sky beast
  4207 | D:5      | Reached XP level 7. HP: 9/46 MP: 13/13
  4493 | D:5      | Reached skill level 5 in Summonings
  4545 | D:5      | Noticed Edmund
  4556 | D:5      | Killed Edmund
  4612 | D:5      | Got a brightly glowing mace
  4613 | D:5      | Identified the +10 mace of Summertime {flame, *Contam rF+ Int+4} (You found it on level 5 of the Dungeon)
  4615 | D:5      | Found a runed door.
  4996 | D:5      | Noticed Crazy Yiuf
  4999 | D:5      | Paralysed by Crazy Yiuf for 5 turns
  5003 | D:5      | Mangled by Crazy Yiuf

Vault maps used:
D:1:      lemuel_arrival_tunnels
D:3:      nicolae_overflow_hidden_temple, uniq_robin
D:4:      grunt_temple_overflow_growth_and_decay, marbit_many_paths,
          grunt_temple_overflow_open, first_bread
D:5:      uniq_crazy_yiuf_cottage, uniq_grinder, uniq_edmund

Skill      XL: |  1  2  3  4  5  6  7 |
---------------+----------------------+-----
Spellcasting   | 3 4 |  4.6
Summonings     | 4 5 |  5.1
Polearms       | 2 3 |  3.6
Dodging        | |  1.5
Stealth        | |  1.5

Action                   |  1- 3 |  4- 6 |  7- 9 || total
-------------------------+-------+-------+-------++-------
Melee: Unarmed           |    29 |       |       ||    29
       Short sword       |    87 |    33 |       ||   120
       Trident           |       |    17 |       ||    17
       Falchion          |       |    37 |    21 ||    58
       Mace              |       |       |     1 ||     1
 Cast: Summon Small Mamm |    24 |       |       ||    24
       Call Imp          |    23 |    18 |       ||    41
       Call Canine Famil |       |     5 |       ||     5
  Use: Scroll            |       |     4 |       ||     4
 Stab: Distracted        |     1 |     1 |       ||     2
       Sleeping          |     3 |     2 |     1 ||     6
Armor: Robe              |    33 |    11 |     3 ||    47
Dodge: Dodged            |   110 |    57 |    10 ||   177
       Rpst.: Falchion   |       |     4 |     3 ||     7
